 Dungeon Crawl Stone Soup version 0.27-a0-1191-g601b473118 (webtiles) character file.

Game seed: 13486970081861018047

723 mandarbmax the Tainter (level 7, 0/41 HPs)
             Began as an Octopode Venom Mage on May 25, 2021.
             Slain by a centaur warrior zombie (2 damage)
             ... on level 5 of the Dungeon.
             The game lasted 00:18:42 (6084 turns).

mandarbmax the Tainter (Octopode Venom Mage)        Turns: 6084, Time: 00:18:43

Health: 0/41       AC:  1    Str: 11 (13) XL:     7   Next: 71%
Magic:  4/13       EV: 13    Int: 17 (20) God:
Gold:   198        SH:  0    Dex:  9 (12) Spells: 5/14 levels left

rFire    . . .     SeeInvis .   k - staff of conjuration
rCold    . . .     Faith    .   (no shield)
rNeg     . . .     Spirit   .   (helmet restricted)
rPois    .         Reflect  .   (no amulet)
rElec    .         Harm     .   m - +6 ring of strength
rCorr    .         Rampage  .   (no ring)
Will     .....                  (no ring)
Stlth    +++.......             (no ring)
HPRegen  0.13/turn              (no ring)
MPRegen  0.13/turn              (no ring)
                                (no ring)
                                (no ring)

@: attractive
A: almost no armour, amphibious, 8 rings, camouflage 1, gelatinous body 1,
(nimble swimmer 1), tentacles
a: no special abilities


You were on level 5 of the Dungeon.
You visited 1 branch of the dungeon, and saw 6 of its levels.

You collected 198 gold pieces.

Inventory:

Hand Weapons
 o - the +10 war axe "Rocoq Sia" {flame, rC+ Dex+6 SInv}
   (You found it on level 5 of the Dungeon)

   It has been specially enchanted to burn those struck by it, causing extra
   injury to most foes and up to half again as much damage against particularly
   susceptible opponents.
   Big, fiery blades are also staple armaments of hydra-hunters.
   It affects your dexterity (+6).
   It protects you from cold.
   It lets you see invisible.
Missiles
 n - 2 throwing nets
Magical Staves
 k - a staff of conjuration (weapon)
Jewellery
 m - a +6 ring of strength (left tentacle)
Wands
 f - a wand of flame (10)
Scrolls
 a - a scroll of fear
 d - a scroll of immolation
 e - a scroll of silence {unknown}
 l - a scroll of vulnerability {unknown}
Potions
 h - a potion of flight


   Skills:
 - Level 2.0 Dodging
 - Level 2.6 Stealth
 + Level 4.4 Spellcasting
 - Level 1.0 Transmutations
 - Level 9.1 Poison Magic


You had 5 spell levels left.
You knew the following spells:

 Your Spells              Type           Power      Damage    Failure   Level
a - Sting                 Tmut/Pois      84%        1d7       1%          1
b - Poisonous Vapours     Pois/Air       38%        N/A       3%          2
c - Ignite Poison         Fire/Tmut/Pois 15%        N/A       11%         3
d - Mephitic Cloud        Conj/Pois/Air  21%        N/A       13%         3

Your spell library contained the following spells:

 Spells                   Type           Power      Damage    Failure   Level
 Olgreb's Toxic Radiance  Pois           34%        N/A       3%          4


Dungeon Overview and Level Annotations

Branches:
Dungeon (6/15)
 Temple: D:4-7

Altars:
Zin

Annotations:
D:2 1 runed translucent door, Crazy Yiuf
D:4 Pikel


Innate Abilities, Weirdness & Mutations

You cannot wear most types of armour.
You are amphibious.
You can wear up to eight rings at the same time.
Your skin changes colour to match your surroundings (Stealth+).
Your rubbery body absorbs attacks. (AC +1, EV +1)
((You are camouflaged near water. (Stealth+)))
You have tentacles for arms and can constrict up to eight enemies at once.


Message History

The centaur warrior zombie is heavily damaged.
The centaur warrior zombie hits you.
* * * LOW HITPOINT WARNING * * *
The centaur warrior zombie kicks you.
* * * LOW HITPOINT WARNING * * *
You feel better. The centaur warrior zombie hits you.
The centaur warrior zombie kicks you.
* * * LOW HITPOINT WARNING * * *
It was a potion of flight.
You feel very buoyant.
You fly up into the air.
The centaur warrior zombie hits you.
* * * LOW HITPOINT WARNING * * *
The centaur warrior zombie kicks you.
* * * LOW HITPOINT WARNING * * *
Unknown command.
It was a potion of cancellation.
Your magical effects are unravelling.
You feel magically purged.
You float gracefully downwards.
The centaur warrior zombie hits you.
* * * LOW HITPOINT WARNING * * *
The centaur warrior zombie completely misses you.
The centaur warrior zombie hits you.
* * * LOW HITPOINT WARNING * * *
The centaur warrior zombie kicks you.
* * * LOW HITPOINT WARNING * * *
It was a potion of attraction.
You feel attractive to monsters. The centaur warrior zombie hits you.
* * * LOW HITPOINT WARNING * * *
The centaur warrior zombie kicks you.
* * * LOW HITPOINT WARNING * * *
It was a potion of degeneration.
There was something very wrong with that liquid.
You feel weakened.
You feel dopey.
You feel clumsy.
The centaur warrior zombie closely misses you.
The centaur warrior zombie completely misses you.
As you read the scroll labelled IRIASI ODEUME, it crumbles to dust.
The scroll dissolves into smoke.
It was a scroll of fog.
The centaur warrior zombie misses you. The centaur warrior zombie kicks you.
You die...

#. # #####.###+###
. ............# .
............# .
............# .
...†..§....#
#...§§§#
##..§§@Z##..
+....§§§......
##..§§§§##+###
####+##......#
+....##$.....#
#....##......#
######............#
...........)......#
..)...............#


You could see a centaur warrior zombie.

Vanquished Creatures
  Sigmund (D:2)
  An ogre (D:5)
  A necrophage (D:5)
  A lemure (D:4)
  A hound (D:6)
  A jelly (D:4)
  An orc priest (D:5)
  Terence (D:2)
  A hound skeleton (D:4)
  7 gnolls
  A howler monkey skeleton (D:5)
  7 adders
  2 worms (D:2)
  5 dart slugs
  8 orcs
  6 ball pythons
  5 endoplasms
  3 giant cockroaches
  10 goblins
  10 hobgoblins
  17 jackals
  5 quokkas
  2 bats
  3 frilled lizards
  4 kobolds
  12 rats
116 creatures vanquished.

Notes
Turn   | Place    | Note
-------+----------+-------------------------------------------
     0 | D:1      | mandarbmax the Octopode Venom Mage began the quest for the
                  | Orb.
     0 | D:1      | Reached XP level 1. HP: 11/11 MP: 3/3
   135 | D:1      | Reached skill level 4 in Poison Magic
   332 | D:1      | Reached XP level 2. HP: 13/17 MP: 0/5
   742 | D:1      | Reached XP level 3. HP: 20/21 MP: 1/6
   744 | D:1      | Reached skill level 5 in Poison Magic
  1045 | D:1      | Learned a level 2 spell: Poisonous Vapours
  1308 | D:2      | Found a faded altar of an unknown god.
  1428 | D:2      | Reached XP level 4. HP: 27/27 MP: 1/7
  1547 | D:2      | Reached skill level 6 in Poison Magic
  1843 | D:2      | Noticed Terence
  1847 | D:2      | Killed Terence
  2110 | D:2      | Found a runed translucent door.
  2111 | D:2      | Noticed Crazy Yiuf
  2165 | D:2      | Noticed Sigmund
  2170 | D:2      | Killed Sigmund
  2171 | D:2      | Reached skill level 8 in Poison Magic
  2171 | D:2      | Reached XP level 5. HP: 13/31 MP: 0/8
  2171 | D:2      | Reached XP level 6. HP: 16/36 MP: 0/9
  3114 | D:3      | Learned a level 3 spell: Ignite Poison
  3665 | D:3      | HP: 1/36 [gnoll/+0 whip (9)]
  4917 | D:4      | Found a glowing silver altar of Zin.
  4992 | D:4      | Reached skill level 9 in Poison Magic
  5314 | D:4      | Noticed Pikel
  5317 | D:4      | Noticed a necrophage
  5320 | D:4      | HP: 1/36 [lemure[Pikel] (6)]
  5471 | D:4      | You fall into a shaft and drop 2 floors!
  5475 | D:6      | Reached XP level 7. HP: 16/41 MP: 2/10
  5665 | D:6      | Learned a level 3 spell: Mephitic Cloud
  5683 | D:5      | Entered Level 5 of the Dungeon
  5747 | D:5      | Identified the +10 war axe "Rocoq Sia" {flame, rC+ Dex+6
                  | SInv}
  6082 | D:5      | HP: 2/41 [centaur warrior zombie (1)]
  6084 | D:5      | Slain by a centaur warrior zombie

Illustrated notes

Levels and vault maps discovered:
D:1:      nicolae_arrival_washed_ashore, layout_rooms
D:2:      layout_basic, shapermc_ecumenical_altar_starsandcircs,
          minmay_misc_feat_tiny, uniq_sigmund, uniq_crazy_yiuf_cottage,
          uniq_terence
D:3:      wander_river, layout_loops_cross
D:4:      layout_layer_cave, old_standard_altar,
          worldfamousw_hep_ancestral_shrine, kennysheep_little_box,
          palyth_stone_intersect, nrook_mini_vaults, roderic_serpentine_path,
          serial_park_tiny_2, uniq_pikel
D:5:      layout_gridville, temple_doors_cd
D:6:      layout_rooms, nicolae_overflow_hidden_temple

Skill      XL: |  1  2  3  4  5  6  7 |
---------------+----------------------+-----
Poison Magic   | 4 5 8 9 |  9.1
Spellcasting   | 4 |  4.4
Dodging        | |  2.0
Stealth        | |  2.6
Transmutations | |  1.0

Action                   |  1- 3 |  4- 6 |  7- 9 || total
-------------------------+-------+-------+-------++-------
Melee: Unarmed           |    23 |    25 |       ||    48
       Tentacles         |     7 |     8 |     5 ||    20
       Constrict         |     9 |    11 |     2 ||    22
       Staff             |       |    15 |    14 ||    29
 Cast: Sting             |    62 |    41 |     1 ||   104
       Poisonous Vapours |       |    72 |     8 ||    80
       Ignite Poison     |       |     1 |     2 ||     3
       Mephitic Cloud    |       |       |     4 ||     4
Evoke: Wand              |       |       |     7 ||     7
  Use: Potion            |       |     2 |     5 ||     7
       Scroll            |       |       |     3 ||     3
 Stab: Sleeping          |       |       |     1 ||     1
Armor: Skin              |     2 |     4 |     2 ||     8
Dodge: Dodged            |    27 |    48 |    15 ||    90

Table legend: (Time is in decaauts)
 A = Elapsed time spent in this place.
 B = Non-inter-level travel time spent in this place.
 C = Inter-level travel time spent in this place.
 D = Time resting spent in this place.
 E = Time spent auto-exploring this place.
 F = Levels seen in this place.
 G = Mean time per level.
                   A        B        C        D        E       F      G
               +--------+--------+--------+--------+--------+-----+--------+
         Total |   6087 |   6011 |     76 |   1821 |   3219 |   6 | 1014.5 |
       Dungeon |   6087 |   6011 |     76 |   1821 |   3219 |   6 | 1014.5 |
               +--------+--------+--------+--------+--------+-----+--------+

Top non-repeatable levels by time:
     D:2: 1870 daAuts
     D:3: 1400 daAuts
     D:1: 1217 daAuts
     D:4: 984 daAuts
     D:5: 403 daAuts
     D:6: 211 daAuts
